 Dungeon Crawl Stone Soup version 0.30-a0-335-ge5acde7520 (webtiles) character file.

Game seed: 15645379609609449443

2255 jlumianski the Cleaver (level 9, -10/68 HPs)
             Began as a Demonspawn Fighter on Oct 30, 2022.
             Was an Initiate of Qazlal.
             Mangled by a sun demon (14 damage)
             ... summoned by a kobold demonologist
             ... on level 9 of the Dungeon.
             The game lasted 00:24:10 (5355 turns).

jlumianski the Cleaver (Demonspawn Fighter)         Turns: 5355, Time: 00:24:15

Health: -10/68     AC: 17    Str: 22    XL:     9   Next: 15%
Magic:  9/9        EV:  6    Int: 10    God:    Qazlal [......]
Gold:   361        SH:  5    Dex: 17    Spells: 8/8 levels left

rFire   . . .      SeeInvis .    y - +7 war axe "Nessyamn" {speed, Contam Str+2 Dex+2}
rCold   . . .      Faith    .    c - +0 buckler
rNeg    . . .      Spirit   .    q - +1 plate armour
rPois   .          Reflect  .    (no helmet)
rElec   .          Harm     .    p - +0 cloak
rCorr   .          Rampage  .    (no gloves)
Will    .....                    e - +2 pair of boots
Stlth   ..........               (no amulet)
HPRegen 0.31/turn                (no ring)
MPRegen 0.11/turn                (no ring)

@: no status effects
A: thin skeletal structure 1, demonic magic 1
a: Renounce Religion


You were on level 9 of the Dungeon.
You worshipped Qazlal.
Qazlal was noncommittal.
You visited 2 branches of the dungeon, and saw 10 of its levels.

You collected 361 gold pieces.

Inventory:

Hand Weapons
 a - a +0 spectral war axe
 y - the +7 war axe "Nessyamn" (weapon) {speed, Contam Str+2 Dex+2}
   (You found it on level 5 of the Dungeon)

   Attacks with this weapon are significantly faster.
   Str:       It affects your strength (+2).
   Dex:       It affects your dexterity (+2).
   Contam:    It causes magical contamination when unequipped.
Missiles
 g - 19 poisoned darts (quivered)
 w - 3 curare-tipped darts
 A - 3 boomerangs
 F - 2 boomerangs of dispersal
Armour
 b - a +0 scale mail
 c - a +0 buckler (worn)
 e - a +2 pair of boots (worn)
 h - a +2 chain mail of fire resistance
 p - a +0 cloak (worn)
 q - a +1 plate armour (worn)
Jewellery
 z - an amulet of faith
Wands
 u - a wand of paralysis (9)
 B - a wand of flame (2)
Scrolls
 f - 3 scrolls of teleportation
 l - a scroll of silence
 x - a scroll of poison
 C - a scroll of fear
 D - 2 scrolls of identify
Potions
 d - 4 potions of might
 i - 4 potions of curing
 j - 2 potions of lignification
 m - a potion of cancellation
 n - 2 potions of heal wounds
 o - 4 potions of magic
 r - 2 potions of degeneration
 s - a potion of brilliance
 t - a potion of haste
 v - 2 potions of mutation
 E - a potion of invisibility


   Skills:
 + Level 5.4 Fighting
 + Level 8.4 Axes
 + Level 0.5 Throwing
 + Level 5.3 Armour
 + Level 1.5 Dodging
 + Level 0.9 Stealth
 + Level 4.4 Shields


You had 8 spell levels left.
You didn't know any spells.
Your spell library contained the following spells:

 Spells                   Type           Power      Damage    Failure   Level
 Necrotise                Necr           0%         1d4       100%        1
 Kindle Blastsparks       Fire/Tloc/Air  0%         2d10      100%        3
 Vampiric Draining        Necr           0%         2d6       100%        3
 Fulminant Prism          Conj/Hex       0%         3d5       100%        4
 Iskenderun's Mystic Bla  Conj/Tloc      0%         2d3       100%        4
 Agony                    Necr           0%         N/A       100%        5
 Lee's Rapid Deconstruct  Erth           0%         3d4*      100%        5


Dungeon Overview and Level Annotations

Branches:
Dungeon (9/15)             Temple (1/1) D:7
   Lair: D:8-11         Orc: D:9-12

Altars:
Ashenzari
Cheibriados
Dithmenos
Gozag
Kikubaaqudgha
Makhleb
Nemelex Xobeh
Qazlal
Trog
Uskayaw
Vehumet
Yredelemnul


Innate Abilities, Weirdness & Mutations

You have a somewhat thin skeletal structure. (Dex +2, Stealth+)
Spells you cast may paralyse adjacent enemies.


Message History

Aim: a kobold demonologist, wielding a +0 dagger and wearing a +0 robe (lightly wounded, 51% to hit)
You throw a javelin.
The javelin pierces through the sun demon but does no damage.
The javelin pierces through the kobold demonologist.
The kobold demonologist is lightly wounded.
Throw: 2 javelins
Press: ? - help, Q - select action, (/) - cycle Shift-Dir - straight line, f/p - kobold demonologist
Aim: a kobold demonologist, wielding a +0 dagger and wearing a +0 robe (lightly wounded, 51% to hit)
You throw a javelin.
The javelin closely misses the sun demon.
The javelin barely misses the ufetubus.
The javelin pierces through the kobold demonologist!
The kobold demonologist is heavily wounded.
Throw: javelin
Press: ? - help, Q - select action, (/) - cycle Shift-Dir - straight line, f/p - kobold demonologist
Aim: a kobold demonologist, wielding a +0 dagger and wearing a +0 robe (heavily wounded, 51% to hit)
You throw a javelin.
The javelin closely misses the sun demon.
The javelin barely misses the ufetubus.
The javelin pierces through the kobold demonologist but does no damage.
The kobold demonologist is heavily wounded.
The sun demon hits you but does no damage. x2
The ufetubus barely misses you.
The ufetubus hits you but does no damage.
You hit the sun demon but do no damage. You barely miss the ufetubus.
The sun demon hits you!!
You are engulfed in flames!
The ufetubus hits you but does no damage. x2
Unknown command.
Unknown command.
You barely miss the sun demon. You closely miss the ufetubus.
The sun demon hits you.
You are engulfed in flames!
The ufetubus closely misses you.
The ufetubus hits you but does no damage.
The kobold demonologist looks satisfied for a moment.
The ufetubus barely misses you.
The ufetubus hits you but does no damage.
The sun demon hits you!!
* * * LOW HITPOINT WARNING * * *
You are engulfed in flames!
You die...

.. .## .(# #.. #.# #.#
#.###### #K.....##
#35...... #@.....##
####### #####.######
#......
#.........######.#####
#................#
#.........########
###########


You could see a sun demon (summoned), a kobold demonologist and an ufetubus
(summoned).

Vanquished Creatures
  A kobold demonologist (D:8)
  An acid dragon (D:8)
  A water moccasin (D:6)
  2 sky beasts
  2 centaurs
  4 phantoms
  4 kobold brigands (D:7)
  4 bullfrogs
  2 scorpions (D:6)
  2 orc priests
  A hound (D:5)
  2 jellies
  2 iguanas (D:5)
  Terence (D:2)
  4 orc wizards
  2 adders
  3 gnolls
  3 shadow imps
  3 ufetubi
  2 worms
  2 dart slugs (D:3)
  10 orcs
  5 endoplasms
  3 giant cockroaches
  5 goblins
  2 hobgoblins
  4 jackals (D:1)
  A quokka (D:1)
  6 ball pythons
  2 bats (D:2)
  5 frilled lizards
  23 kobolds
  2 rats
116 creatures vanquished.

Notes
Turn   | Place    | Note
-------+----------+-------------------------------------------
     0 | D:1      | jlumianski the Demonspawn Fighter began the quest for the
                  | Orb.
     0 | D:1      | Reached XP level 1. HP: 18/18 MP: 1/1
   228 | D:1      | Gained mutation: You have a somewhat thin skeletal
                  | structure. (Dex +2, Stealth+) [demonic ancestry]
   228 | D:1      | Reached XP level 2. HP: 23/24 MP: 2/2
   231 | D:1      | Found a faded altar of an unknown god.
   532 | D:1      | Reached skill level 2 in Axes
   965 | D:2      | Noticed Terence
   976 | D:2      | Killed Terence
   977 | D:2      | Gained mutation: Spells you cast may paralyse adjacent
                  | enemies. [demonic ancestry]
   977 | D:2      | Reached XP level 3. HP: 12/29 MP: 3/3
  1396 | D:2      | Reached skill level 3 in Axes
  1396 | D:2      | Reached XP level 4. HP: 22/35 MP: 4/4
  2049 | D:4      | Noticed a phantom
  2051 | D:4      | Reached XP level 5. HP: 41/41 MP: 5/5
  2059 | D:4      | Killed a phantom
  2060 | D:4      | Reached skill level 1 in Dodging
  2252 | D:5      | Entered Level 5 of the Dungeon
  2259 | D:5      | Noticed a phantom
  2265 | D:5      | Killed a phantom
  2266 | D:5      | Reached skill level 4 in Axes
  2266 | D:5      | Reached XP level 6. HP: 42/47 MP: 6/6
  2324 | D:5      | Identified the +7 war axe "Nessyamn" {speed, Contam Str+2
                  | Dex+2}
  3142 | D:5      | Found a radiant altar of Vehumet.
  3271 | D:6      | Noticed a troll
  3490 | D:6      | Reached XP level 7. HP: 53/53 MP: 7/7
  3619 | D:6      | Reached skill level 5 in Axes
  3728 | D:6      | Found a bloodstained altar of Trog.
  3728 | D:6      | Found a hide-covered altar of Uskayaw.
  4048 | D:6      | Identified the +8 dagger "Arcanum" {antimagic, Str+9 Int-5
                  | Dex+3}
  4065 | D:6      | Reached skill level 6 in Axes
  4065 | D:6      | Reached XP level 8. HP: 61/61 MP: 8/8
  4487 | D:7      | Reached skill level 7 in Axes
  4571 | D:7      | Reached skill level 5 in Armour
  4630 | D:7      | Found a staircase to the Ecumenical Temple.
  4636 | Temple   | Entered the Ecumenical Temple
  4644 | Temple   | Became a worshipper of Qazlal Stormbringer
  4677 | D:7      | Reached skill level 5 in Fighting
  5148 | D:8      | Reached skill level 8 in Axes
  5148 | D:8      | Reached XP level 9. HP: 42/66 MP: 9/9
  5156 | D:9      | Noticed a troll
  5158 | D:9      | Noticed a kobold demonologist
  5270 | D:9      | Noticed a kobold demonologist
  5298 | D:9      | Noticed a red devil
  5308 | D:8      | Killed a kobold demonologist
  5350 | D:9      | Noticed a sun demon
  5355 | D:9      | Mangled by a sun demon

Illustrated notes

Levels and vault maps discovered:
D:1:      mrwooster_arrival_statue_2, layout_rooms,
          ebering_ecumenical_altar_ruins
D:2:      layout_basic, serial_rivers, chequers_serial_rivers_small_b,
          chequers_serial_rivers_micro_d, chequers_serial_rivers_micro_c,
          chequers_serial_rivers_micro_c, chequers_serial_rivers_micro_c,
          chequers_serial_rivers_room_b, uniq_terence
D:3:      layout_basic, minivault_5, kennysheep_generic_room_11
D:4:      layout_loops_ring
D:5:      layout_basic, vehumet_altar_wand_db
D:6:      layout_loops_cross, amethyst_overflow_temple_binary
D:7:      layout_cave_pools, minmay_temple_entry_enclosed_plants
D:8:      layout_loops_ring, erik_lair_dragon, kennysheep_kite_vault
D:9:      layout_rooms, minivault_16
Temple:   lightli_temple_of_artemis

Skill      XL: |  1  2  3  4  5  6  7  8 |
---------------+-------------------------+-----
Armour         | 3 4 5 |  5.3
Axes           | 2 3 4 6 8 |  8.4
Shields        | 3 4 |  4.4
Dodging        | 1 |  1.5
Fighting       | 4 5 |  5.4
Throwing       | |  0.5
Stealth        | |  0.9

Action                   |  1- 3 |  4- 6 |  7- 9 || total
-------------------------+-------+-------+-------++-------
Melee: War axe           |    87 |    77 |   145 ||   309
Throw: Javelin           |       |     3 |     7 ||    10
  Use: Potion            |     2 |       |       ||     2
       Scroll            |    10 |     9 |     2 ||    21
Armor: Scale mail        |    41 |       |       ||    41
       Plate armour      |    10 |    60 |    86 ||   156
Dodge: Dodged            |    42 |    25 |    37 ||   104
Block: Buckler           |    27 |    20 |    44 ||    91

Table legend: (Time is in decaauts)
 A = Elapsed time spent in this place.
 B = Non-inter-level travel time spent in this place.
 C = Inter-level travel time spent in this place.
 D = Time resting spent in this place.
 E = Time spent auto-exploring this place.
 F = Levels seen in this place.
 G = Mean time per level.
                   A        B        C        D        E       F      G
               +--------+--------+--------+--------+--------+-----+--------+
         Total |   5402 |   5337 |     65 |    422 |   2788 |  10 |  540.2 |
       Dungeon |   5386 |   5321 |     65 |    422 |   2788 |   9 |  598.4 |
        Temple |     16 |     16 |      0 |      0 |      0 |   1 |   16.0 |
               +--------+--------+--------+--------+--------+-----+--------+

Top non-repeatable levels by time:
     D:6: 1035 daAuts
     D:2: 787 daAuts
     D:4: 716 daAuts
     D:1: 667 daAuts
     D:3: 632 daAuts
     D:7: 597 daAuts
     D:5: 537 daAuts
     D:8: 347 daAuts
     D:9: 62 daAuts
  Temple: 16 daAuts
